[Event "*** Titled Tuesday Blitz"]
[Site "Chess.com"]
[Date "2019.06.04"]
[Round "6"]
[White "Zubrrr"]
[Black "iturrizaga"]
[Result "0-1"]
[WhiteElo "2714"]
[BlackElo "2931"]
[TimeControl "180+2"]
[EndTime "14:20:49 PDT"]
[Termination "iturrizaga won by resignation"]

1. c4 b6 2. Nc3 Bb7 3. e4 c5 4. g3 g6 5. Bg2 Bg7 6. f4 d6 7. d3 Qd7 8. Nf3 Nc6 9. O-O Nh6 10.
Bd2 O-O 11. Qc2 f5 12. Rae1 Rae8 13. Kh1 e6 14. a3 Ng4 15. Qb1 a5 16. Nb5 Nf6 17.
b4 axb4 18. axb4 fxe4 19. dxe4 e5 20. bxc5 bxc5 21. Nxd6 Qxd6 22. Qxb7 Nh5 23. Qb1 exf4 24. g4 Nf6 25. e5 Nxe5 26. Bxf4 Nfxg4 27. Bg3 Qd3 28. Nxe5 Rxf1+ 29. Rxf1 Nxe5 30. Bd5+ Kh8 31. Bxe5 Qxb1 32.
Bxg7+ Kxg7 33. Rxb1 Kf6 34. Rb7 h5 35. Rc7 Kg5 36.
Rxc5 Kh4 37. Bf7 Re1+ 38. Kg2 g5 39. Rf5 Rc1 40. Rf2 Kg4 41. Be6+ Kh4 42. Bd5 Rc3 43.
Re2 g4 44. Bf7 Kg5 45. Bd5 h4 46. Kf2 Kf4 47. Re4+ Kf5 48. Re3 Rc2+ 49. Kg1 Kf4 50. Re4+ Kf5 51. Re1 Rc3 52. Rf1+ Kg5 53. Kg2 Rc2+ 54.
Rf2 Rc1 55. Be6 h3+ 0-1

[Event "*** Titled Tuesday Blitz"]
[Site "Chess.com"]
[Date "2019.06.04"]
[Round "6"]
[White "ellennilssen"]
[Black "bracuarta"]
[Result "1-0"]
[WhiteElo "2065"]
[BlackElo "2106"]
[TimeControl "180+2"]
[EndTime "14:21:01 PDT"]
[Termination "ellennilssen won on time"]

1. d4 Nf6 2. c4 c5 3. d5 b5 4.
cxb5 a6 5. bxa6 g6 6. Nc3 Bxa6 7. Nf3 Bg7 8. g3 O-O 9. Bg2 d6 10. Rb1 Nbd7 11. O-O Ra7 12. b3 Qa8 13. Re1 Rb8 14. a4 Rab7 15. Bd2 Ng4 16. h3 Nge5 17. Nxe5 Nxe5 18.
f4 Nd7 19. Qc2 c4 20. b4 Rxb4 21. Rxb4 Rxb4 22. Nb5 Rb3 23. Qxc4 Nc5 24. Kh2 Bxb5 25. axb5 Qb7 26. Bb4 Rb2 27. Bxc5 dxc5 28. Qxc5 Rxb5 29. Qc4 Rb4 30. Qd3 Rd4 31. Qa3 Qb8 32. Qxe7 Bf8 33. Qe3 Bc5 34. Qf3 Qb4 35. Rc1 Rd2 36. Qc3 Qxc3 37. Rxc3 Bb4 38. Rc4 Bd6 39. e4 f6 40.
Rc6 Ba3 41. Rxf6 Kg7 42. Ra6 Bc5 43. e5 h5 44. Rc6 Be3 45. d6 h4 46. Rc7+ Kf8 47. d7 Bb6 48. Rc8+ Ke7 49. Rc6 hxg3+ 50.
Kxg3 Bf2+ 51. Kf3 Be1 52. Rxg6 Rf2+ 53. Ke4 Kxd7 54. Kf5 Bd2 55. Rg4 Ke7 56. Be4 Bc1 57. h4 Kf7 58. h5 Rh2 59. Kg5 Kg7 60. Bg6 Rf2 61. h6+ Kg8 62. e6 Kh8 63. e7 1-0

[Event "*** Titled Tuesday Blitz"]
[Site "Chess.com"]
[Date "2019.06.04"]
[Round "6"]
[White "PawnEatingZombie"]
[Black "vohiraa"]
[Result "1-0"]
[WhiteElo "2145"]
[BlackElo "2294"]
[TimeControl "180+2"]
[EndTime "14:21:05 PDT"]
[Termination "PawnEatingZombie won by resignation"]

1. d4 Nf6 2. c4 g6 3. Nc3 Bg7 4. e4 d6 5. Be2 O-O 6. Be3 e5 7.
d5 a5 8. g4 h5 9. g5 Nh7 10.
Qd2 f6 11. h4 fxg5 12. hxg5 Na6 13. O-O-O Nc5 14. Nh3 Bd7 15. Kb1 Qc8 16. Ng1 Qe8 17. f3 Rf7 18. Nh3 Qe7 19. Nf2 Raf8 20. Rdg1 Rf4 21.
Rg2 Nxg5 22. Bxc5 dxc5 23. d6 Qxd6 24. Qxd6 cxd6 25. Rxg5 Kh7 26. Rhg1 Be8 27. Nd5 Bh6 28. R5g2 R4f7 29. Nd1 g5 30. a3 Rg7 31. N1e3 Bg6 32. Nf5 Bxf5 33. exf5 Rgf7 34. Bd3 h4 35. Be4 Rxf5 36. Bxf5+ Rxf5 37. Nc3 Rxf3 38. Ne4 Rf5 39. Nxg5+ Bxg5 40. Rxg5 Rxg5 41. Rxg5 Kh6 42. Rg8 Kh5 43. Kc2 h3 44. Kd2 Kh4 45. Ke2 h2 46. Rh8+ Kg3 47.
Kf1 e4 48. Rg8+ Kh3 49. Rh8+ Kg3 50. Ke2 Kg2 51. Ke3 h1=Q 52. Rxh1 Kxh1 53. Kxe4 Kg2 54. Kd5 Kf3 55. Kxd6 Ke4 56. Kxc5 Kd3 57. Kb5 Kc2 58. c5 Kxb2 59. a4 Kc3 60. Kxa5 Kc4 61. Kb6 Kb4 62. a5 Kc4 63. c6 bxc6 64. Kxc6 Kb4 65. Kb6 Kc4 66.
a6 1-0

[Event "*** Titled Tuesday Blitz"]
[Site "Chess.com"]
[Date "2019.06.04"]
[Round "6"]
[White "MasterKroket"]
[Black "Satscho"]
[Result "1/2-1/2"]
[WhiteElo "2349"]
[BlackElo "2269"]
[TimeControl "180+2"]
[EndTime "14:21:11 PDT"]
[Termination "Game drawn - insufficient material"]

1. d4 Nf6 2. c4 g6 3. Nc3 Bg7 4. e4 d6 5. Nf3 O-O 6. Be2 e5 7. d5 a5 8. O-O Na6 9. Bg5 h6 10. Bh4 g5 11. Bg3 Nc5 12. Nd2 Bd7 13. b3 Ne8 14. a3 f5 15. exf5 Bxf5 16. b4 axb4 17.
axb4 Rxa1 18. Qxa1 Nd3 19. Nde4 Nxb4 20. Qb2 c5 21.
dxc6 Nxc6 22. Qxb7 Nd4 23. Bh5 Nf6 24. Nxf6+ Qxf6 25. Nd5 Qe6 26. Ra1 Bd3 27. Ra7 Bf6 28. Nb4 Qxc4 29.
Nxd3 Qxd3 30. h3 Qf5 31. Bf7+ Kh8 32. Bd5 Ne2+ 33. Kh2 Nxg3 34. fxg3 Qg6 35. Be4 Qg7 36. Qb6 Be7 37. Rd7 Qf6 38. Qc7 Rf7 39. Bd5 Rg7 40.
Qc8+ Bf8 41. Rd8 Rg8 42. Bxg8 Kxg8 43. Qc4+ Kg7 44. Rd7+ Kg6 45. Qg8+ Bg7 46. Qe8+ Kh7 47. Rf7 Qg6 48. Qe7 d5 49. Qd7 d4 50. Re7 d3 51.
Re8 e4 52. Qd8 h5 53. Re7 Qf6 54. Qd7 d2 55. Rxe4 Qg6 56. Rd4 h4 57. Rxd2 hxg3+ 58. Kxg3 Kg8 59. Qd8+ Kh7 60. Rd7 Kh6 61. Rd6 Be5+ 62.
Kf3 Qxd6 63. Qxd6+ Bxd6 64. Kg4 Be7 65. g3 Kg6 66. h4 gxh4 67. gxh4 Bxh4 1/2-1/2

[Event "*** Titled Tuesday Blitz"]
[Site "Chess.com"]
[Date "2019.06.04"]
[Round "6"]
[White "Berardino"]
[Black "Obito24"]
[Result "0-1"]
[WhiteElo "2556"]
[BlackElo "2747"]
[TimeControl "180+2"]
[EndTime "14:21:12 PDT"]
[Termination "Obito24 won by resignation"]

1. e4 c5 2. Nf3 d6 3. d4 cxd4 4.
Nxd4 Nf6 5. Nc3 a6 6. a3 Nc6 7. Bc4 e6 8. O-O Be7 9. Ba2 O-O 10. Be3 Qc7 11. f4 Bd7 12. f5 Nxd4 13. Qxd4 b5 14. Rad1 Rac8 15. fxe6 Bxe6 16. Bb3 Bc4 17. Rf5 Ng4 18. Bxc4 Qxc4 19. Nd5 Bd8 20. c3 Re8 21. Rf4 Nxe3 22. Qxe3 Bg5 23. Nb6 Bxf4 24. Qxf4 Qc5+ 25. Qf2 Qxf2+ 26. Kxf2 Rc6 27. Nd5 Rxe4 28.
Nb4 Rb6 29. Nd5 Rb8 30. Nc7 a5 31. Rxd6 h5 32. Kf3 Re7 33. Nd5 Re6 34. Rd7 Kf8 35. Ra7 Rd8 36. Nf4 Rf6 37. h4 a4 38. Rb7 Rf5 39. Ke4 g6 40. g3 Re8+ 41. Kf3 Re1 42. Rb8+ Kg7 43. Rb7 Kg8 44. Rb8+ Kg7 45. Rb7 Rf1+ 46.
Kg2 Rb1 47. Kh3 Rxb2 48. Ne6+ Kf6 49. Nd8 Kg7 50. Ne6+ Kg8 51. Rb8+ Kh7 52. Ng5+ Rxg5 53. hxg5 Rb3 54. Kh4 Kg7 55. Rb7 Rxa3 56. Rxb5 Rxc3 57. Ra5 a3 58. Ra8 Rc2 59. Kh3 a2 60. g4 Rc3+ 61.
Kh4 Rc4 0-1

[Event "*** Titled Tuesday Blitz"]
[Site "Chess.com"]
[Date "2019.06.04"]
[Round "6"]
[White "ZenBull"]
[Black "Vusatiuk_Vladimir"]
[Result "1/2-1/2"]
[WhiteElo "2096"]
[BlackElo "2203"]
[TimeControl "180+2"]
[EndTime "14:21:24 PDT"]
[Termination "Game drawn by repetition"]

1. Nf3 c5 2. c4 e6 3. g3 d5 4. cxd5 exd5 5. d4 Nc6 6. Bg2 Nf6 7. O-O Be7 8. Bg5 O-O 9. Nc3 Be6 10. Rc1 c4 11.
Ne5 h6 12. Bxf6 Bxf6 13. Nxc6 bxc6 14. e3 Rb8 15. Qd2 Qb6 16. Nd1 Rfd8 17. b3 cxb3 18.
axb3 Bd7 19. Rb1 Bf5 20. Rb2 c5 21. dxc5 Qxc5 22. Ra2 Rxb3 23. Ra5 Rb5 24. Rxb5 Qxb5 25. Qa2 Bd3 26. Re1 Bc4 27. Qa3 Qb3 28. Qxa7 d4 29. exd4 Bxd4 30. Qe7 Qb6 31. Ne3 Be6 32. Qa3 Bc5 33.
Qc1 Rc8 34. Qb1 Bxe3 35. fxe3 Qd6 36. Qe4 Qd2 37. Rf1 Rc2 38. Qf3 Rc3 39. Qa8+ Kh7 40.
Qe4+ g6 41. Qf4 Qxe3+ 42. Qxe3 Rxe3 43. Rc1 h5 44. Rd1 h4 45. Kf2 Ra3 46. Rd2 h3 47.
Bf3 Ra1 48. Rd1 Ra2+ 49. Be2 Bg4 50. Re1 Kh6 51. Ke3 Bxe2 52. Rxe2 Rxe2+ 53. Kxe2 Kg5 54. Kf3 f5 55. Ke3 Kg4 56. Kf2 g5 57. Ke2 f4 58.
gxf4 gxf4 59. Kf2 f3 60. Kf1 Kf4 61. Kf2 Ke4 62. Kf1 Ke3 63. Ke1 Kf4 64. Kf2 Ke4 65. Kf1 Ke5 66. Kf2 Kf4 67. Kf1 Kg4 68. Kg1 Kf4 69. Kf2 1/2-1/2

[Event "*** Titled Tuesday Blitz"]
[Site "Chess.com"]
[Date "2019.06.04"]
[Round "6"]
[White "Vuk2000"]
[Black "TigranLPetrosyan"]
[Result "0-1"]
[WhiteElo "2730"]
[BlackElo "2854"]
[TimeControl "180+2"]
[EndTime "14:21:25 PDT"]
[Termination "TigranLPetrosyan won by resignation"]

1. d4 d6 2. e4 Nf6 3. Nc3 g6 4. Nf3 Bg7 5. Be2 c6 6. a4 O-O 7.
O-O Nbd7 8. Be3 e5 9. h3 exd4 10. Bxd4 Re8 11. Nd2 Nc5 12. f3 Ne6 13. Be3 d5 14. exd5 Nxd5 15. Nxd5 cxd5 16. Bb5 Bd7 17. Bxd7 Qxd7 18. c3 d4 19. Nb3 Rad8 20. Nxd4 Nxd4 21. Bxd4 Bxd4+ 22. cxd4 Qxd4+ 23. Qxd4 Rxd4 24. Rf2 a5 25. Rc2 Re3 26. Kf2 Rb3 27. Kg3 h5 28. Re1 h4+ 29.
Kh2 Rxa4 30. Re7 Rf4 31. Kg1 a4 32. Rd2 Kf8 33. Rc7 b5 34. Rb7 Kg7 35. Ra7 g5 36.
Rb7 Kg6 37. Rb6+ f6 38. Re2 Rfb4 39. Ree6 Rf4 40. Re2 Rf5 41. Rd2 Rb4 42. Rb8 Rc5 43.
Rb6 Rc1+ 44. Kh2 Rc7 45. Rdd6 Rf7 46. Rd2 Kf5 47. Rd5+ Kf4 48. Rd2 Ke3 49. Rbd6 Rb3 50. Rc2 f5 51. Rd5 Kf4 52. Re2 Rb4 53. Kg1 Kg3 54.
Rd3 Rf4 55. Rc2 b4 56. Rc6 Ra7 57. Rg6 Rc4 58. Rxg5+ Kf4 59. Rh5 Rc1+ 60. Kh2 a3 61.
bxa3 bxa3 62. Rxh4+ Kg5 63. Rb4 a2 64. h4+ Kf6 65.
Rd6+ Ke7 66. Rg6 a1=Q 0-1

[Event "*** Titled Tuesday Blitz"]
[Site "Chess.com"]
[Date "2019.06.04"]
[Round "6"]
[White "MITerryble"]
[Black "IIIlllII1llIl"]
[Result "1-0"]
[WhiteElo "2785"]
[BlackElo "2763"]
[TimeControl "180+2"]
[EndTime "14:21:30 PDT"]
[Termination "MITerryble won by resignation"]

1. e4 c5 2. Nf3 d6 3. Bb5+ Nd7 4. d4 Nf6 5. Nc3 cxd4 6. Qxd4 e5 7. Qd3 h6 8. Be3 Be7 9. O-O a6 10. Bc4 b5 11. Bd5 Nxd5 12. Nxd5 Bb7 13. Rfd1 Bxd5 14.
Qxd5 O-O 15. a4 Qb8 16. axb5 Qxb5 17. Ra2 Rfc8 18. b3 Nf6 19. Qd3 Qxd3 20. cxd3 Rc3 21. b4 Rb3 22. Ra4 d5 23. Nxe5 Rxb4 24. Rxb4 Bxb4 25.
Nc6 a5 26. e5 Nd7 27. Ra1 Rc8 28. Rc1 Kh7 29. Kf1 Ra8 30. f4 Bf8 31. f5 a4 32.
e6 fxe6 33. fxe6 Nb8 34. Na7 Na6 35. Nc8 Nc5 36. e7 Bxe7 37. Nxe7 Nxd3 38. Ra1 a3 39. Nxd5 a2 40. Nc3 Ra3 41. Bd2 Nb4 42. Ke2 g5 43. Kd1 Kg6 44. Kc1 Nd3+ 45. Kc2 Nb4+ 46. Kb2 Ra8 47. Kb3 Nd3 48. Kc2 Nb4+ 49. Kb3 Nd3 50. Ne4 Kf5 51. Ng3+ Kg4 52. Ne4 Kf5 53. Nd6+ Ke6 54.
Nc4 Nc5+ 55. Kb2 Nd3+ 56. Kc2 Nc5 57. Bc3 Ne4 58. Bd4 Rc8 59. Kd3 Nf6 60. Rxa2 Nd5 61. Ra6+ Ke7 62. Ra7+ Ke6 63. Ne3 Nb4+ 64. Ke4 Nc6 65.
Ra6 Kd7 66. Bg7 Re8+ 67. Kf3 Re6 68. Ra4 h5 69. h3 Re7 70. Bc3 Rf7+ 71. Ke2 Rf8 72.
Re4 Ra8 73. Nd5 Ra2+ 74. Kf3 Rc2 75. Re3 Kd6 76. Nf6 h4 77. Ne4+ Kd5 78. Nxg5 Nd8 79. Rd3+ Kc6 80. Rxd8 Rxc3+ 81. Kg4 Rg3+ 82. Kxh4 Rxg2 83.
Kh5 Kc7 84. Rd1 Kc6 85. h4 1-0

[Event "*** Titled Tuesday Blitz"]
[Site "Chess.com"]
[Date "2019.06.04"]
[Round "6"]
[White "Ambitiousresolutions"]
[Black "Antipov_Mikhail_Al"]
[Result "0-1"]
[WhiteElo "2602"]
[BlackElo "2887"]
[TimeControl "180+2"]
[EndTime "14:21:54 PDT"]
[Termination "Antipov_Mikhail_Al won by resignation"]

1. e4 e6 2. d4 d5 3. Bd3 dxe4 4. Bxe4 Nf6 5. Bf3 c5 6. Ne2 Nc6 7. Be3 cxd4 8. Nxd4 Ne5 9. Nc3 Be7 10. Qe2 Nxf3+ 11.
Qxf3 a6 12. O-O-O Qc7 13. g4 O-O 14. g5 Nd7 15. Bf4 Qc4 16. h4 Re8 17. Nb3 Nc5 18. Bd6 Bxd6 19. Rxd6 Rb8 20. Nxc5 Qxc5 21. Rhd1 b5 22.
Rd8 Qe7 23. Rxe8+ Qxe8 24. Qf4 Bb7 25. Qc7 b4 26. Ne2 Bf3 27. Rd2 Bxe2 28. Rxe2 Rd8 29. Rd2 Rxd2 30. Kxd2 h6 31. Ke3 hxg5 32. hxg5 Qa4 33. Qd8+ Kh7 34. Qd3+ Kg8 35. Qd8+ Kh7 36. Qd3+ g6 37. b3 Qa5 38. f4 e5 39. Qd7 Kg7 40. Ke4 exf4 41. Kxf4 Qc5 42. Qd3 Qf2+ 43. Kg4 Qg2+ 44. Kf4 Qf2+ 45. Kg4 Qc5 46. Qe4 a5 47. Qd3 Qe5 48. Qf3 Qd4+ 49. Kg3 Qg1+ 50. Kh4 Qh2+ 51.
Kg4 Qxc2 52. Qf6+ Kg8 53. Qd8+ Kh7 54. Qxa5 Qe4+ 55. Kg3 Kg7 56. Qc5 Qd3+ 57. Kg4 Qc3 58. Qd5 Qb2 59. Qc5 Qg2+ 60. Kh4 Qh2+ 61. Kg4 Qg2+ 62. Kh4 Qd2 63. Qe5+ Kg8 64. Qe8+ Kg7 65. Qe5+ Kh7 66. Kg4 Qxa2 67. Qd5 Qe2+ 68. Kf4 Qf2+ 69. Kg4 Qf1 70. Kg3 Qf5 71. Qxf5 gxf5 72. Kf3 Kg6 73. Kf4 f6 74. gxf6 Kxf6 75. Kf3 Ke5 76. Ke3 f4+ 77. Kf3 Kd4 78. Kxf4 Kc3 79. Ke3 Kxb3 80.
Kd2 Ka2 0-1

[Event "*** Titled Tuesday Blitz"]
[Site "Chess.com"]
[Date "2019.06.04"]
[Round "6"]
[White "oogee"]
[Black "IakovUlivar"]
[Result "0-1"]
[WhiteElo "2329"]
[BlackElo "2483"]
[TimeControl "180+2"]
[EndTime "14:21:57 PDT"]
[Termination "IakovUlivar won by checkmate"]

1. d4 Nf6 2. c4 e6 3. g3 d5 4. Nf3 Bb4+ 5. Nc3 dxc4 6. Bg2 O-O 7. O-O c5 8. dxc5 Qa5 9. a3 Bxc3 10. bxc3 Rd8 11.
Qc2 Qxc5 12. Be3 Qa5 13. Bd4 Nc6 14. Bxf6 gxf6 15. Qe4 Qc5 16. Qh4 Kg7 17. Qg4+ Kf8 18. Qh4 Kg7 19. Qg4+ Kh8 20. Qh4 Qe7 21. Qxc4 Bd7 22.
Rab1 Rab8 23. Qh4 Be8 24. Rb5 f5 25. Ng5 f6 26. Nf3 b6 27. Rbb1 Na5 28. Rbd1 Rxd1 29. Rxd1 Rd8 30. Rxd8 Qxd8 31. h3 Kg7 32. Kh2 e5 33.
Qb4 Bf7 34. Nh4 Be6 35. e4 fxe4 36. Bxe4 Qd7 37. Bg2 Nc6 38. Qa4 Ne7 39. Qe4 Ng6 40. Nf3 Bd5 41. Qe3 Bxf3 42. Bxf3 Qd6 43. Bg4 Ne7 44. Qf3 Qd5 45. Qe2 f5 46. Bh5 Ng6 47. Qe3 Kf6 48. Qh6 Qd7 49. Bf3 Qg7 50. Qh5 Qc7 51.
h4 e4 52. Qg5+ Ke6 53. Bg2 Qe7 54. Qe3 Qc5 55. Qe2 Ne5 56. Bh3 Kf6 57. Bg2 Qxc3 58. Qa2 Qc4 59. Qd2 Ng4+ 60. Kg1 Qd3 61. Qb2+ Ne5 62.
Bf1 Qd5 63. Be2 Ke6 64. Qc2 Kd6 65. Kg2 e3+ 66. f3 Qc5 67. Qd1+ Kc7 68. Qa1 b5 69. Qb2 Kb6 70. Qb3 a6 71. Qe6+ Ka5 72. Qxf5 Ka4 73.
f4 Qc6+ 74. Kh3 Qh1# 0-1

[Event "*** Titled Tuesday Blitz"]
[Site "Chess.com"]
[Date "2019.06.04"]
[Round "6"]
[White "Babas"]
[Black "el-reptiliano"]
[Result "1/2-1/2"]
[WhiteElo "2394"]
[BlackElo "2194"]
[TimeControl "180+2"]
[EndTime "14:22:05 PDT"]
[Termination "Game drawn by 50-move rule"]

1. c4 c5 2. Nc3 Nc6 3. g3 g6 4.
Bg2 Bg7 5. e3 e5 6. Nge2 Nge7 7.
O-O O-O 8. a3 d6 9. Rb1 Be6 10. d3 d5 11. cxd5 Nxd5 12. Bd2 Nxc3 13. Bxc3 Bf5 14. e4 Bg4 15. h3 Be6 16. f4 Nd4 17. Nxd4 cxd4 18. Bb4 Re8 19. f5 Bd7 20. Qb3 g5 21. Bf3 Qb6 22. Bh5 Qf6 23. Rbc1 Rec8 24.
Qd5 Bc6 25. Qb3 Bf8 26. Bd2 h6 27. Rf2 Rc7 28. h4 Rac8 29. hxg5 hxg5 30. Rh2 Ba4 31.
Qxa4 Rxc1+ 32. Bxc1 Rxc1+ 33. Kg2 Qc6 34. Qxc6 bxc6 35. Kh3 f6 36. Kg4 Kg7 37. Bg6 Kg8 38. Bh7+ Kg7 39. Bg6 Kg8 40. Be8 Bc5 41. Bxc6 Bb6 42. Bd5+ Kg7 43. Kf3 Ba5 44. Re2 Rf1+ 45. Kg2 Rc1 46. b4 Bb6 47. Rb2 Rd1 48. Bc4 Ra1 49.
Ra2 Rxa2+ 50. Bxa2 Kh6 51. a4 a5 52. b5 Kg7 53. Kf3 Bc5 54. Ke2 Kf8 55. Kf3 Kg7 56. Kg4 Bb6 57. Be6 Bc5 58. Bd5 Bb6 59. Kf3 Kf8 60.
Ke2 Ke7 61. Kd1 Kd6 62. Kc2 Kc5 63. Kb3 Bc7 64. Bc6 Bb6 65. Kc2 Kd6 66. Bd5 Bc7 67. Kd2 Bb6 68. Ke2 Ke7 69. Kf3 Kf8 70. Kg4 Kg7 71.
Kh5 Bc5 72. Be6 Bb6 73. Bc8 Bc5 74. Ba6 Bb6 75. Bb7 Bc5 76. Ba8 Bb6 77. Bd5 Bc5 78. Bb3 Bb6 79. Bd1 Bc5 80. Bg4 Bb6 81. Bh3 Bc5 82.
Bg2 Bb6 83. Bh1 Bc5 84. Bf3 Bb6 85. Be2 Bc5 86. Bd1 Bb6 87. Bb3 Bc5 88. Bd5 Bb6 89.
Bc6 Bc5 90. Be8 Bb6 91. Bg6 Bc5 92. Kg4 Kf8 93. Kf3 Ke7 94. Bh7 Bb6 95. Bg8 Bc5 96.
Bd5 Bb6 97. Ke2 Kd6 98. Kd2 Kc5 99. Bb3 Kb4 100. Bd1 Kc5 101. Ke2 Kd6 102. Kf3 1/2-1/2

[Event "*** Titled Tuesday Blitz"]
[Site "Chess.com"]
[Date "2019.06.04"]
[Round "6"]
[White "ChessWarrior7197"]
[Black "chessking2151"]
[Result "0-1"]
[WhiteElo "2828"]
[BlackElo "2595"]
[TimeControl "180+2"]
[EndTime "14:22:13 PDT"]
[Termination "chessking2151 won by resignation"]

1. d4 Nf6 2. Nf3 e6 3. e3 d5 4. b3 c5 5. Bb2 Nc6 6. a3 Bd6 7. Bd3 O-O 8. O-O b6 9. Nbd2 Bb7 10. Ne5 Rc8 11. f4 Ne7 12. Qe2 Ne4 13. Bxe4 dxe4 14. dxc5 Bxc5 15. Rad1 Qc7 16. b4 Bd6 17. Nec4 Nf5 18.
g4 Nh4 19. Qf2 Be7 20. Be5 Qc6 21. Bd6 Bxd6 22. Qxh4 Bb8 23. Rf2 Rfd8 24. Rdf1 Ba6 25. Ne5 Bxe5 26. fxe5 Bxf1 27. Nxf1 Qd5 28. Qg3 Qd1 29.
Qf4 Rd7 30. Qxe4 h6 31. h3 b5 32. Kg2 Rc4 33. Qa8+ Rd8 34. Qxa7 Qd5+ 35. Kh2 Qxe5+ 36. Kg1 Rc7 37. Qb6 Rcd7 38. Qc6 Rd1 39. Rf3 h5 40. Kg2 hxg4 41. hxg4 Rc1 42. Rf2 Re1 43. Qf3 Qc7 44. e4 Red1 45. Ng3 R1d2 46. Ne2 f6 47. g5 Qe5 48. gxf6 gxf6 49. Kh3 Kf7 50. Kg2 Rg8+ 51. Ng3 Rxf2+ 52. Qxf2 Qxe4+ 53. Kg1 Qe5 54. Qa7+ Kg6 55. Qf2 Rg7 56. Qf3 Kf7 57. Qb7+ Kg8 58. Qa8+ Kf7 59. Qb7+ Kg6 60. Qf3 f5 61. Qh5+ Kf6 62.
Qh6+ Kf7 63. Qh5+ Ke7 64. Qh4+ Kd7 65. Kh2 f4 66. Nf1 f3+ 67. Kh1 Qa1 68. Qf2 Rh7+ 69. Kg1 Rg7+ 70. Kh1 Qf6 71. Qa7+ Ke8 72. Qa8+ Kf7 73.
Qb7+ Kg8 74. Qa8+ Kh7 75. Qe4+ Rg6 76. Ng3 f2 77. Nf1 Kg7 78. Qb7+ Qf7 79. Qe4 Rg1+ 80. Kh2 Qh5+ 0-1

[Event "*** Titled Tuesday Blitz"]
[Site "Chess.com"]
[Date "2019.06.04"]
[Round "6"]
[White "Durarbayli"]
[Black "champ2005"]
[Result "1/2-1/2"]
[WhiteElo "2754"]
[BlackElo "2827"]
[TimeControl "180+2"]
[EndTime "14:22:19 PDT"]
[Termination "Game drawn by agreement"]

1. e4 e5 2. Nf3 Nf6 3. Nxe5 d6 4. Nf3 Nxe4 5. d4 d5 6. Bd3 Nc6 7. O-O Be7 8. Re1 Bf5 9. c4 O-O 10. cxd5 Qxd5 11. Nc3 Nxc3 12. bxc3 Bxd3 13. Qxd3 Bf6 14. Bf4 Rac8 15. Rab1 b6 16. c4 Qd7 17. d5 Ne7 18.
Be5 Qf5 19. Qa3 Ng6 20. Bxf6 gxf6 21. g3 Rfe8 22. Qc3 Ne5 23. Nd4 Qg4 24. Kg2 c5 25.
dxc6 Red8 26. Rbd1 Nxc6 27. Nxc6 Rxd1 28. Ne7+ Kf8 29. Rxd1 Qe4+ 30. Kg1 Qxe7 31. Rd4 Re8 32. Qd3 Qb7 33. Rd5 Kg7 34. Qd4 Qe7 35. c5 Qe1+ 36. Kg2 Qe4+ 37. Qxe4 Rxe4 38. cxb6 axb6 39. Rb5 Ra4 40. Rxb6 Rxa2 41. Rb4 Ra5 42. Rf4 Re5 43. Kh3 h5 44. Kh4 Kg6 45. Kh3 Ra5 46. Kg2 Re5 47.
Rb4 Ra5 48. h4 Re5 49. f3 Re2+ 50. Kh3 Re3 51. Rf4 f5 52. Kg2 Re2+ 53. Kh3 Rf2 54. Ra4 Rxf3 55. Kg2 Re3 56. Kf2 Re4 57. Ra6+ f6 58.
Kf3 Rg4 59. Ra8 f4 60. gxf4 Rxh4 61. Ke4 Rh1 62. Rg8+ Kf7 63. Rg2 Ra1 64. Rb2 Ra4+ 65. Kf5 Ra5+ 66. Ke4 Kg6 67. Rg2+ Kh6 68. Rg8 Rb5 69.
f5 Kh7 70. Rg6 Rb6 71. Kf4 Ra6 72. Kg3 Ra5 73. Kf4 Ra4+ 74. Kg3 Ra5 75. Rxf6 Kg7 76. Rg6+ Kf7 77. Kf4 Ra1 78. Rg2 Rf1+ 79. Kg5 h4 80. Rh2 Rg1+ 81. Kf4 Kf6 82. Rxh4 1/2-1/2

[Event "*** Titled Tuesday Blitz"]
[Site "Chess.com"]
[Date "2019.06.04"]
[Round "6"]
[White "Cryptochess"]
[Black "x-5963514717"]
[Result "0-1"]
[WhiteElo "2639"]
[BlackElo "2503"]
[TimeControl "180+2"]
[EndTime "14:22:33 PDT"]
[Termination "x-5963514717 won by checkmate"]

1. e4 e5 2. Nf3 Nc6 3. Bc4 Bc5 4. c3 Nf6 5. d3 d6 6. O-O a6 7.
Bb3 Ba7 8. Nbd2 O-O 9. h3 h6 10. Re1 Re8 11. Nf1 Be6 12. Ng3 d5 13. Qe2 Qd7 14. Nh4 Rad8 15. Qf3 dxe4 16. dxe4 Bxb3 17. axb3 Qd3 18. Be3 Bxe3 19. Rxe3 Qc2 20. Ngf5 Qxb2 21. Rae1 Re6 22. Qg3 Ne8 23. b4 Rd2 24.
Rf3 Qc2 25. Qg4 Rd1 26. Rxd1 Qxd1+ 27. Kh2 Qd2 28. Rg3 Qf4 29. Qd1 g6 30. Qd7 Kf8 31. Kg1 Qc1+ 32. Kh2 Qf4 33. Kg1 gxf5 34. Nxf5 Rg6 35.
Rxg6 fxg6 36. Ne3 Qf7 37. Qc8 b6 38. Nd5 Kg7 39. Qxa6 Qd7 40. Qd3 Ne7 41. Qg3 Nxd5 42. exd5 Qxd5 43. Qg4 Nf6 44. Qc8 Qd6 45. c4 h5 46. g3 c5 47. b5 e4 48. Qb7+ Kh6 49.
Qf7 e3 50. f4 Qd1+ 51. Kg2 Qe2+ 52. Kg1 Qf2+ 53. Kh1 Nh7 54. g4 hxg4 55. hxg4 Qh4+ 56. Kg2 Qxg4+ 57. Kf1 Qg3 58. Ke2 Qf2+ 59. Kd3 e2 60. f5 Qd4+ 61. Kxe2 Qe4+ 62. Kd2 Qxf5 63. Qb7 Qf4+ 64.
Kc3 Qd4+ 65. Kb3 Qd3+ 66. Kb2 Qxc4 67. Qxb6 Ng5 68. Qc6 Ne4 69. b6 Qc3+ 70. Ka2 Nd2 71. Qh1+ Kg5 72. Qg2+ Kf4 73. Qf2+ Ke4 74. Qe2+ Kd4 75.
Qg4+ Kd3 76. Qxg6+ Kc4 77. Qf7+ Kb4 78. Qf4+ Ka5 79. Qf5 Qb3+ 80. Ka1 Qa3# 0-1

[Event "*** Titled Tuesday Blitz"]
[Site "Chess.com"]
[Date "2019.06.04"]
[Round "6"]
[White "ulises2013"]
[Black "JMatias"]
[Result "1-0"]
[WhiteElo "2586"]
[BlackElo "2430"]
[TimeControl "180+2"]
[EndTime "14:22:41 PDT"]
[Termination "ulises2013 won by resignation"]

1. e4 c5 2. g3 d6 3. Bg2 Nf6 4. Ne2 Nc6 5. O-O e5 6. c3 g6 7. d4 cxd4 8. cxd4 Bg4 9. f3 Bd7 10. Be3 Bg7 11. Nbc3 O-O 12. Qd2 Na5 13. b3 Be6 14.
Rfd1 b6 15. Qe1 Qe7 16. Rac1 Rac8 17. h3 Rfd8 18. d5 Bd7 19. Kh2 Nh5 20. Qd2 f5 21. g4 fxg4 22. fxg4 Nf4 23. Nxf4 exf4 24. Bxf4 Rf8 25.
Ne2 Be5 26. Rxc8 Bxc8 27. Rf1 Ba6 28. Bxe5 Qxe5+ 29. Kg1 Rxf1+ 30. Kxf1 Nb7 31. b4 Nd8 32. Kg1 Bxe2 33. Qxe2 Nf7 34. h4 Qd4+ 35. Qf2 Qxb4 36. g5 Qc5 37. Bh3 Ne5 38. Be6+ Kg7 39. Kg2 Qxf2+ 40.
Kxf2 h6 41. Ke3 hxg5 42. hxg5 b5 43. Bh3 b4 44. Bf1 Kf7 45. Bb5 Ke7 46. Kf4 a5 47. Ke3 Kd8 48. Ba4 Kc7 49. Be8 Kb6 50. Kd4 Nf3+ 51.
Kd3 Nxg5 52. Bxg6 Nf3 53. Be8 Ne5+ 54. Kd4 Nf3+ 55. Kd3 Kc5 56. Ba4 Ne5+ 57. Ke3 Kc4 58. Kf4 Kd4 59. Kf5 Nc4 60. Ke6 Kc5 61. Bb3 Ne5 62.
Ba4 Nd3 63. Bc2 Nf4+ 64. Kf5 Ne2 65. Ba4 Nd4+ 66. Kf6 Nf3 67. Ke6 Ne5 68. Bc2 Nc4 69.
Ba4 Nb6 70. Bc2 a4 71. Bd1 a3 72.
Bb3 Na8 73. e5 dxe5 74. Kxe5 Nc7 75. d6 Na6 76. d7 Nb8 77. Ke6 Nc6 78. Ba4 Nd8+ 79.
Ke7 Nb7 80. d8=Q Nxd8 81. Kxd8 Kd6 82. Bb3 Kc6 83. Ke7 Kc5 84. Ke6 Kd4 85. Kd6 Kc3 86. Kc5 Kb2 87. Kxb4 Kb1 88. Kxa3 Kc1 89. Kb4 1-0

[Event "*** Titled Tuesday Blitz"]
[Site "Chess.com"]
[Date "2019.06.04"]
[Round "6"]
[White "TomsKantans"]
[Black "KNVB"]
[Result "1/2-1/2"]
[WhiteElo "2555"]
[BlackElo "2703"]
[TimeControl "180+2"]
[EndTime "14:23:00 PDT"]
[Termination "Game drawn - insufficient material"]

1. e4 b6 2. d4 Bb7 3. Bd3 e6 4.
Nf3 d5 5. exd5 Qxd5 6. Nc3 Bb4 7. O-O Bxc3 8. bxc3 Qh5 9. Be2 Nf6 10. Bf4 Nbd7 11. Ne5 Qh4 12. Bg3 Qg5 13. h4 Qf5 14. Bd3 Be4 15.
Re1 Bxd3 16. cxd3 O-O 17. c4 Rfe8 18. Qa4 Nxe5 19. dxe5 Nh5 20. Bh2 Red8 21. Qc6 Rac8 22. Re4 Qg6 23. g4 f5 24. exf6 Nxf6 25. Qxe6+ Kh8 26.
Rf4 Qxd3 27. g5 Nh5 28. Re4 Qd7 29. Rae1 Qxe6 30. Rxe6 Kg8 31. Re7 Rd4 32. c5 bxc5 33. Bxc7 Rxh4 34. Bd6 Rg4+ 35. Kf1 Rxg5 36. Rxa7 c4 37. a4 c3 38. Rc1 Rd5 39. Rc7 Ra8 40. Bb4 Rxa4 41. Rc8+ Kf7 42. Bxc3 Ra7 43. Re1 Rad7 44.
Be5 Re7 45. f4 Nxf4 46. Bxf4 Rf5 47. Rxe7+ Kxe7 48. Rc7+ Kf6 49. Rc6+ Kf7 50. Rc7+ Kg6 51. Rc4 Kh5 52. Kg2 g5 53. Be3 Re5 54. Kf3 h6 55. Ra4 Rf5+ 56. Kg3 Re5 57. Ra3 Re4 58. Bc5 Rc4 59.
Bf8 Rc8 60. Bb4 Rc4 61. Bc3 Rc6 62. Bd4 Kg6 63. Ra5 Kh5 64. Rd5 Ra6 65. Kf3 Ra3+ 66. Be3 Ra6 67. Rd8 Rf6+ 68. Kg3 Ra6 69. Rh8 Ra3 70.
Kf2 Ra2+ 71. Kf3 Ra6 72. Bd4 Kg6 73. Rb8 Rd6 74. Be5 Ra6 75. Rb4 Kf5 76. Bc3 Ra5 77. Rc4 Rd5 78. Bd4 h5 79. Be3 Re5 80. Rc8 g4+ 81.
Kf2 h4 82. Rf8+ Ke6 83. Rf4 Rf5 84. Rxf5 Kxf5 85. Kg2 Kg6 86. Bf2 Kh5 87. Be1 Kg5 88. Bf2 h3+ 89. Kg3 Kf5 90. Bg1 Kg5 91. Bh2 Kf5 92.
Bg1 Ke4 93. Kxg4 h2 94. Bxh2 1/2-1/2